[ AOE2 MATCH · #481206242 ]
UnrankedEthiopians vs Vikings
[ REPLAY ANALYSIS · EXTRACTED FROM THE RECORDED GAME ]
Feudal
—
Castle
—
Imperial
—
| APM avg | 51.8 |
| APM peak | 100 |
| eAPM avg | 26.8 |
| Villagers / military | 154 / 324 |
Focus
⚔️ 45.8% · 🌾 54.2%
Spearman ×157 · Archer ×90 · Shotel Warrior ×36 · Scout Cavalry ×15 · Trebuchet (Packed) ×10 · Battering Ram ×9
Feudal
—
Castle
—
Imperial
—
| APM avg | 34.8 |
| APM peak | 76 |
| eAPM avg | 18.3 |
| Villagers / military | 108 / 298 |
Focus
⚔️ 31.0% · 🌾 69.0%
Skirmisher ×156 · Scout Cavalry ×85 · Berserk ×41 · Spearman ×12 · Trebuchet (Packed) ×4
Feudal
—
Castle
—
Imperial
—
| APM avg | 28.4 |
| APM peak | 64 |
| eAPM avg | 13.7 |
| Villagers / military | 111 / 184 |
Focus
⚔️ 42.7% · 🌾 57.3%
Cavalry Archer ×44 · Scorpion ×41 · Spearman ×41 · Camel Scout ×30 · Steppe Lancer ×14 · Knight ×8
Feudal
—
Castle
—
Imperial
—
| APM avg | 70.2 |
| APM peak | 127 |
| eAPM avg | 37.6 |
| Villagers / military | 131 / 224 |
Focus
⚔️ 69.7% · 🌾 30.3%
Knight ×141 · Scout Cavalry ×50 · Hand Cannoneer ×15 · Spearman ×13 · Monk ×3 · Trebuchet (Packed) ×2
Feudal
—
Castle
—
Imperial
—
| APM avg | 23.3 |
| APM peak | 60 |
| eAPM avg | 12.7 |
| Villagers / military | 206 / 193 |
Focus
⚔️ 30.7% · 🌾 69.3%
Scout Cavalry ×57 · Knight ×56 · Cavalry Archer ×44 · Magyar Huszar ×30 · Trebuchet (Packed) ×6
Feudal
—
Castle
—
Imperial
—
| APM avg | 20.7 |
| APM peak | 44 |
| eAPM avg | 12.4 |
| Villagers / military | 108 / 131 |
Focus
⚔️ 41.5% · 🌾 58.5%
Camel Scout ×45 · Spearman ×35 · Archer ×30 · Skirmisher ×8 · Trebuchet (Packed) ×8 · Shotel Warrior ×4
Feudal
—
Castle
—
Imperial
—
| APM avg | 17.7 |
| APM peak | 37 |
| eAPM avg | 14.4 |
| Villagers / military | 163 / 170 |
Focus
⚔️ 29.3% · 🌾 70.7%
Spearman ×154 · Trebuchet (Packed) ×12 · Militia ×4
Feudal
—
Castle
—
Imperial
—
| APM avg | 10.5 |
| APM peak | 104 |
| eAPM avg | 2.7 |
| Villagers / military | 38 / 20 |
Focus
⚔️ 23.5% · 🌾 76.5%
Scout Cavalry ×20
Match map
Initial resources + every placement click. Lines = walls · curves = elevation contours. ◆ gold · ⬟ stone · ● berries · ✦ relic · ◌ wall gap
Inputs per minute
— mxptlic - - 鋒兒
Build order — mxptlic
First 150 of 717 actions detected
| 0:01 | Create | Villager (Male) |
| 0:01 | Create | Villager (Male) |
| 0:02 | Create | Villager (Male) |
| 0:03 | Build | House |
| 0:05 | Build | House |
| 0:17 | Create | Villager (Male) |
| 0:17 | Create | Villager (Male) |
| 1:24 | Create | Villager (Male) |
| 1:24 | Create | Villager (Male) |
| 2:05 | Create | Villager (Male) |
| 2:06 | Create | Villager (Male) |
| 2:09 | Create | Villager (Male) |
| 2:10 | Create | Villager (Male) |
| 2:32 | Build | Lumber Camp |
| 2:49 | Create | Villager (Male) |
| 2:49 | Create | Villager (Male) |
| 3:07 | Build | House |
| 3:09 | Build | House |
| 3:25 | Create | Villager (Male) |
| 3:26 | Create | Villager (Male) |
| 3:26 | Create | Villager (Male) |
| 4:17 | Create | Villager (Male) |
| 4:17 | Create | Villager (Male) |
| 4:44 | Create | Villager (Male) |
| 4:44 | Create | Villager (Male) |
| 4:44 | Create | Villager (Male) |
| 5:31 | Create | Villager (Male) |
| 5:31 | Create | Villager (Male) |
| 5:31 | Create | Villager (Male) |
| 5:32 | Create | Villager (Male) |
| 5:51 | Create | Villager (Male) |
| 5:58 | Build | Mining Camp |
| 6:10 | Create | Villager (Male) |
| 6:11 | Create | Villager (Male) |
| 7:18 | Research | Feudal Age |
| 7:52 | Build | Barracks |
| 8:22 | Research | Loom |
| 8:25 | Create | Villager (Male) |
| 8:25 | Create | Villager (Male) |
| 8:47 | Build | House |
| 9:32 | Build | Archery Range |
| 9:46 | Create | Spearman |
| 9:55 | Build | Palisade Wall |
| 9:57 | Build | Palisade Wall |
| 9:57 | Build | Palisade Wall |
| 9:58 | Build | Palisade Wall |
| 9:59 | Create | Villager (Male) |
| 10:04 | Build | Mill |
| 10:11 | Build | Palisade Wall |
| 10:27 | Create | Archer |
| 10:28 | Create | Archer |
| 10:28 | Create | Villager (Male) |
| 10:42 | Build | Blacksmith |
| 10:49 | Create | Villager (Male) |
| 10:59 | Build | House |
| 11:02 | Build | Palisade Wall |
| 11:03 | Build | Palisade Wall |
| 11:03 | Build | Palisade Wall |
| 11:10 | Build | House |
| 11:14 | Create | Villager (Male) |
| 11:18 | Create | Archer |
| 11:18 | Create | Archer |
| 11:19 | Create | Villager (Male) |
| 11:25 | Build | Palisade Wall |
| 11:26 | Build | Palisade Wall |
| 11:26 | Build | Palisade Wall |
| 11:27 | Build | Palisade Wall |
| 11:28 | Build | Palisade Wall |
| 11:29 | Build | Palisade Wall |
| 11:30 | Build | Palisade Wall |
| 11:34 | Create | Villager (Male) |
| 11:38 | Create | Skirmisher |
| 11:39 | Create | Archer |
| 11:48 | Build | Archery Range |
| 11:52 | Build | Farm |
| 12:10 | Create | Villager (Male) |
| 12:13 | Create | Archer |
| 12:13 | Create | Archer |
| 12:13 | Create | Villager (Male) |
| 12:20 | Research | Fletching |
| 12:22 | Create | Archer |
| 12:22 | Create | Archer |
| 12:42 | Create | Villager (Male) |
| 12:46 | Create | Archer |
| 12:47 | Create | Archer |
| 12:47 | Create | Villager (Male) |
| 12:52 | Build | Farm |
| 13:02 | Build | Farm |
| 13:03 | Build | Farm |
| 13:19 | Build | Farm |
| 13:25 | Create | Villager (Male) |
| 13:26 | Create | Archer |
| 13:26 | Create | Archer |
| 13:56 | Build | Farm |
| 13:57 | Build | Farm |
| 14:32 | Create | Archer |
| 14:32 | Create | Archer |
| 14:36 | Create | Villager (Male) |
| 14:36 | Create | Villager (Male) |
| 14:39 | Build | Farm |
| 14:42 | Build | Farm |
| 14:59 | Create | Archer |
| 15:00 | Create | Villager (Male) |
| 15:00 | Create | Villager (Male) |
| 15:07 | Create | Archer |
| 15:08 | Create | Archer |
| 15:08 | Create | Villager (Male) |
| 15:12 | Create | Spearman |
| 15:15 | Build | Farm |
| 15:32 | Build | House |
| 15:33 | Build | House |
| 15:39 | Research | Wheelbarrow |
| 15:41 | Create | Villager (Male) |
| 16:19 | Create | Villager (Male) |
| 16:19 | Create | Villager (Male) |
| 16:33 | Create | Archer |
| 16:34 | Create | Archer |
| 16:42 | Create | Villager (Male) |
| 17:03 | Create | Archer |
| 17:08 | Build | Farm |
| 17:09 | Build | Farm |
| 17:11 | Create | Villager (Male) |
| 17:12 | Create | Villager (Male) |
| 17:27 | Create | Archer |
| 17:27 | Create | Archer |
| 17:29 | Research | Gold Mining |
| 17:38 | Create | Villager (Male) |
| 17:47 | Research | Padded Archer Armor |
| 17:49 | Create | Archer |
| 17:54 | Research | Double-Bit Axe |
| 18:11 | Create | Villager (Male) |
| 18:41 | Create | Villager (Male) |
| 18:50 | Create | Archer |
| 18:50 | Create | Archer |
| 19:02 | Build | House |
| 19:04 | Build | House |
| 19:05 | Build | Lumber Camp |
| 19:19 | Research | Castle Age |
| 19:43 | Build | House |
| 20:02 | Create | Archer |
| 20:03 | Create | Archer |
| 20:07 | Build | House |
| 20:10 | Build | Palisade Wall |
| 20:22 | Create | Archer |
| 20:22 | Create | Archer |
| 21:03 | Create | Archer |
| 21:04 | Create | Archer |
| 21:22 | Create | Archer |
| 21:22 | Create | Archer |
| 21:23 | Create | Spearman |
Build order — 鋒兒
First 150 of 464 actions detected
| 0:06 | Build | House |
| 0:10 | Create | Villager (Male) |
| 0:10 | Create | Villager (Male) |
| 0:10 | Create | Villager (Male) |
| 0:10 | Create | Villager (Male) |
| 0:11 | Create | Villager (Male) |
| 1:25 | Create | Villager (Male) |
| 1:25 | Create | Villager (Male) |
| 1:44 | Research | Loom |
| 2:16 | Build | House |
| 2:27 | Create | Villager (Male) |
| 2:27 | Create | Villager (Male) |
| 2:28 | Create | Villager (Male) |
| 3:07 | Build | Palisade Wall |
| 3:12 | Build | House |
| 3:15 | Create | Villager (Male) |
| 3:15 | Create | Villager (Male) |
| 3:15 | Create | Villager (Male) |
| 3:36 | Build | Lumber Camp |
| 3:48 | Create | Villager (Male) |
| 3:48 | Create | Villager (Male) |
| 4:28 | Create | Villager (Male) |
| 4:29 | Create | Villager (Male) |
| 5:09 | Create | Villager (Male) |
| 5:09 | Create | Villager (Male) |
| 5:09 | Create | Villager (Male) |
| 5:28 | Build | House |
| 5:30 | Build | House |
| 5:35 | Create | Villager (Male) |
| 5:35 | Create | Villager (Male) |
| 6:18 | Create | Villager (Male) |
| 6:18 | Create | Villager (Male) |
| 6:18 | Create | Villager (Male) |
| 6:19 | Create | Villager (Male) |
| 6:34 | Build | Mill |
| 6:43 | Create | Villager (Male) |
| 7:22 | Create | Villager (Male) |
| 8:19 | Create | Villager (Male) |
| 8:24 | Build | Barracks |
| 9:06 | Build | Farm |
| 9:09 | Build | Farm |
| 9:11 | Create | Villager (Male) |
| 9:11 | Create | Villager (Male) |
| 9:25 | Build | House |
| 9:44 | Build | Mining Camp |
| 9:47 | Build | House |
| 10:09 | Research | Feudal Age |
| 11:08 | Create | Villager (Male) |
| 11:09 | Create | Villager (Male) |
| 12:25 | Create | Villager (Male) |
| 12:25 | Create | Villager (Male) |
| 12:36 | Build | Market |
| 12:48 | Build | Archery Range |
| 12:52 | Create | Spearman |
| 12:53 | Create | Spearman |
| 13:08 | Build | Watch Tower |
| 13:18 | Create | Villager (Male) |
| 13:18 | Create | Villager (Male) |
| 13:22 | Create | Spearman |
| 13:45 | Build | House |
| 13:48 | Build | House |
| 13:50 | Build | House |
| 14:00 | Create | Skirmisher |
| 14:00 | Create | Skirmisher |
| 15:03 | Build | Farm |
| 15:13 | Research | Double-Bit Axe |
| 15:17 | Build | Farm |
| 15:19 | Build | Farm |
| 15:33 | Build | Archery Range |
| 15:45 | Build | Palisade Wall |
| 16:01 | Build | Farm |
| 16:02 | Build | Farm |
| 16:28 | Create | Skirmisher |
| 16:29 | Create | Skirmisher |
| 16:37 | Build | Farm |
| 16:38 | Build | Farm |
| 16:41 | Build | Farm |
| 17:00 | Create | Skirmisher |
| 17:01 | Create | Skirmisher |
| 17:55 | Create | Skirmisher |
| 17:55 | Create | Skirmisher |
| 18:05 | Build | Palisade Wall |
| 18:10 | Build | Farm |
| 18:20 | Create | Skirmisher |
| 18:21 | Create | Skirmisher |
| 18:27 | Build | Farm |
| 18:28 | Build | Farm |
| 18:30 | Build | Farm |
| 18:32 | Build | Farm |
| 18:57 | Create | Villager (Male) |
| 18:58 | Create | Villager (Male) |
| 19:19 | Create | Skirmisher |
| 19:19 | Create | Skirmisher |
| 19:33 | Build | Farm |
| 20:20 | Create | Skirmisher |
| 20:20 | Create | Skirmisher |
| 20:22 | Research | Castle Age |
| 20:22 | Research | Castle Age |
| 20:45 | Build | House |
| 20:47 | Build | House |
| 21:48 | Create | Skirmisher |
| 21:48 | Create | Skirmisher |
| 21:50 | Create | Skirmisher |
| 21:50 | Create | Skirmisher |
| 21:51 | Create | Spearman |
| 21:51 | Create | Spearman |
| 22:15 | Build | Farm |
| 22:40 | Build | House |
| 22:53 | Build | Stone Wall |
| 23:10 | Build | Town Center |
| 23:21 | Create | Villager (Male) |
| 23:21 | Create | Villager (Male) |
| 23:22 | Create | Villager (Male) |
| 23:22 | Create | Villager (Male) |
| 23:22 | Create | Villager (Male) |
| 24:18 | Build | House |
| 24:20 | Build | House |
| 24:50 | Build | Building 665 |
| 24:58 | Build | Stone Wall |
| 25:04 | Create | Villager (Male) |
| 25:04 | Create | Villager (Male) |
| 25:04 | Create | Villager (Male) |
| 25:04 | Create | Villager (Male) |
| 25:05 | Create | Villager (Male) |
| 25:06 | Create | Villager (Male) |
| 25:06 | Create | Villager (Male) |
| 25:35 | Create | Villager (Male) |
| 25:35 | Create | Villager (Male) |
| 25:36 | Create | Villager (Male) |
| 25:38 | Research | Bow Saw |
| 26:32 | Create | Villager (Male) |
| 26:32 | Create | Villager (Male) |
| 26:39 | Research | Pikeman (upgrade) |
| 27:23 | Build | Farm |
| 27:46 | Research | Elite Skirmisher (upgrade) |
| 27:48 | Create | Skirmisher |
| 27:48 | Create | Skirmisher |
| 27:49 | Create | Skirmisher |
| 27:51 | Create | Spearman |
| 27:51 | Create | Spearman |
| 27:51 | Create | Spearman |
| 28:15 | Build | Town Center |
| 28:24 | Create | Skirmisher |
| 28:24 | Create | Skirmisher |
| 28:34 | Build | Farm |
| 28:36 | Build | Farm |
| 28:37 | Build | Farm |
| 29:09 | Build | Farm |
| 29:10 | Build | Farm |
| 29:11 | Build | Farm |
Build order — ULIVS96
First 150 of 443 actions detected
| 0:07 | Build | House |
| 0:08 | Build | House |
| 0:11 | Build | House |
| 0:12 | Create | Villager (Male) |
| 0:13 | Create | Villager (Male) |
| 0:13 | Create | Villager (Male) |
| 0:13 | Create | Villager (Male) |
| 0:13 | Create | Villager (Male) |
| 1:45 | Create | Villager (Male) |
| 2:09 | Create | Villager (Male) |
| 2:53 | Create | Villager (Male) |
| 2:53 | Create | Villager (Male) |
| 2:57 | Create | Villager (Male) |
| 3:19 | Create | Villager (Male) |
| 3:20 | Create | Villager (Male) |
| 3:45 | Build | Lumber Camp |
| 3:52 | Create | Villager (Male) |
| 3:52 | Create | Villager (Male) |
| 4:08 | Create | Villager (Male) |
| 4:35 | Create | Villager (Male) |
| 4:35 | Create | Villager (Male) |
| 4:41 | Build | House |
| 5:26 | Create | Villager (Male) |
| 5:26 | Create | Villager (Male) |
| 6:18 | Create | Villager (Male) ×4 |
| 6:18 | Create | Villager (Male) |
| 6:48 | Build | Palisade Wall |
| 6:56 | Build | Palisade Gate |
| 7:05 | Build | Palisade Wall |
| 7:11 | Create | Villager (Male) |
| 7:12 | Create | Villager (Male) |
| 7:53 | Build | Mill |
| 8:29 | Build | Palisade Wall |
| 8:45 | Research | Feudal Age |
| 8:52 | Build | House |
| 9:53 | Build | Palisade Wall |
| 10:34 | Build | Barracks |
| 10:55 | Create | Villager (Male) |
| 10:57 | Research | Loom |
| 11:31 | Build | Stable |
| 11:50 | Build | Farm |
| 11:51 | Build | Farm |
| 11:51 | Build | Farm |
| 11:51 | Build | Farm |
| 11:52 | Build | Farm |
| 11:52 | Build | Farm |
| 12:08 | Create | Scout Cavalry |
| 12:08 | Create | Scout Cavalry |
| 12:08 | Create | Scout Cavalry |
| 12:39 | Build | Farm |
| 13:19 | Build | Blacksmith |
| 13:38 | Create | Villager (Male) |
| 13:39 | Create | Villager (Male) |
| 13:39 | Create | Villager (Male) |
| 13:54 | Build | Palisade Wall |
| 14:16 | Build | Farm |
| 14:22 | Build | House |
| 14:36 | Build | Building 487 |
| 14:44 | Build | Farm |
| 14:48 | Create | Villager (Male) |
| 14:53 | Build | Farm |
| 15:05 | Build | Palisade Wall |
| 15:29 | Research | Fletching |
| 16:10 | Build | Market |
| 16:17 | Build | Palisade Wall |
| 16:20 | Create | Villager (Male) |
| 16:20 | Create | Villager (Male) |
| 16:20 | Create | Villager (Male) |
| 17:27 | Build | Mining Camp |
| 17:33 | Create | Villager (Male) |
| 17:33 | Create | Villager (Male) |
| 18:44 | Research | Castle Age |
| 18:51 | Build | Mining Camp |
| 19:33 | Research | Horse Collar |
| 19:48 | Build | Lumber Camp |
| 20:31 | Research | Double-Bit Axe |
| 21:10 | Build | Farm |
| 21:14 | Build | Farm |
| 21:26 | Create | Villager (Male) |
| 21:26 | Create | Villager (Male) |
| 22:28 | Build | Archery Range |
| 22:37 | Create | Villager (Male) |
| 22:37 | Create | Villager (Male) |
| 22:38 | Create | Villager (Male) |
| 22:44 | Create | Knight |
| 22:44 | Create | Knight |
| 22:50 | Build | House |
| 23:12 | Build | House |
| 23:15 | Build | House |
| 23:34 | Create | Knight |
| 23:39 | Build | Stable |
| 23:43 | Create | Villager (Male) |
| 23:43 | Create | Villager (Male) |
| 23:43 | Create | Villager (Male) |
| 23:47 | Research | Scale Barding Armor |
| 24:11 | Research | Forging |
| 24:19 | Build | House |
| 24:34 | Create | Steppe Lancer |
| 24:36 | Create | Camel Scout |
| 24:36 | Create | Camel Scout |
| 25:14 | Create | Villager (Male) |
| 25:14 | Create | Villager (Male) |
| 25:42 | Build | Town Center |
| 25:53 | Build | House |
| 25:57 | Create | Villager (Male) |
| 25:57 | Create | Villager (Male) |
| 25:58 | Create | Villager (Male) |
| 25:58 | Create | Villager (Male) |
| 26:59 | Research | Bloodlines |
| 27:22 | Create | Villager (Male) |
| 27:39 | Build | House |
| 27:54 | Create | Villager (Male) |
| 28:04 | Build | Castle |
| 28:09 | Create | Villager (Male) |
| 28:16 | Build | Farm |
| 28:16 | Build | Farm |
| 28:16 | Build | Farm |
| 28:16 | Build | Farm |
| 28:17 | Build | Farm |
| 28:32 | Create | Knight |
| 28:36 | Create | Villager (Male) |
| 28:36 | Create | Villager (Male) |
| 28:42 | Build | Archery Range |
| 28:51 | Build | Archery Range |
| 28:59 | Create | Cavalry Archer |
| 28:59 | Create | Cavalry Archer |
| 28:59 | Create | Cavalry Archer |
| 29:00 | Create | Cavalry Archer |
| 29:00 | Create | Cavalry Archer |
| 29:00 | Create | Cavalry Archer |
| 29:00 | Create | Cavalry Archer |
| 29:38 | Research | Husbandry |
| 29:39 | Create | Knight |
| 29:50 | Build | Farm |
| 29:51 | Build | Farm |
| 29:51 | Build | Farm |
| 29:51 | Build | Farm |
| 29:51 | Build | Farm |
| 29:52 | Build | Farm |
| 29:52 | Build | Farm |
| 30:17 | Build | Stone Wall |
| 30:24 | Create | Knight |
| 30:24 | Create | Knight |
| 30:25 | Create | Knight |
| 30:32 | Create | Villager (Male) |
| 30:42 | Create | Villager (Male) |
| 30:42 | Create | Villager (Male) |
| 30:56 | Create | Villager (Male) ×2 |
| 30:56 | Create | Villager (Male) |
| 31:33 | Create | Camel Scout |
Build order — Bélico
First 150 of 512 actions detected
| 0:01 | Create | Villager (Male) |
| 0:02 | Create | Villager (Male) |
| 0:02 | Create | Villager (Male) |
| 0:02 | Create | Villager (Male) |
| 0:03 | Build | House |
| 0:05 | Build | House |
| 0:07 | Create | Villager (Male) |
| 0:07 | Create | Villager (Male) |
| 0:07 | Create | Villager (Male) |
| 1:27 | Create | Villager (Male) |
| 1:27 | Create | Villager (Male) |
| 1:47 | Build | Lumber Camp |
| 2:04 | Create | Villager (Male) |
| 2:04 | Create | Villager (Male) |
| 2:25 | Create | Villager (Male) |
| 2:59 | Create | Villager (Male) |
| 2:59 | Create | Villager (Male) |
| 3:15 | Create | Villager (Male) |
| 3:15 | Create | Villager (Male) |
| 3:45 | Create | Villager (Male) |
| 3:45 | Create | Villager (Male) |
| 3:53 | Build | House |
| 4:09 | Create | Villager (Male) |
| 4:10 | Create | Villager (Male) |
| 4:21 | Build | House |
| 4:26 | Build | Mill |
| 4:48 | Create | Villager (Male) |
| 4:48 | Create | Villager (Male) |
| 5:12 | Create | Villager (Male) |
| 5:54 | Create | Villager (Male) |
| 6:14 | Create | Villager (Male) |
| 6:41 | Research | Loom |
| 6:41 | Research | Loom |
| 7:13 | Research | Feudal Age |
| 7:14 | Research | Feudal Age |
| 8:02 | Build | Barracks |
| 8:09 | Build | Lumber Camp |
| 9:26 | Build | Stable |
| 9:29 | Research | Double-Bit Axe |
| 9:29 | Research | Double-Bit Axe |
| 9:29 | Create | Villager (Male) |
| 9:29 | Create | Villager (Male) |
| 10:09 | Create | Villager (Male) |
| 10:13 | Build | House |
| 10:30 | Create | Scout Cavalry |
| 10:30 | Create | Scout Cavalry |
| 10:40 | Create | Villager (Male) |
| 10:44 | Build | House |
| 10:55 | Build | Palisade Wall |
| 11:00 | Create | Scout Cavalry |
| 11:07 | Build | Farm |
| 11:10 | Build | Farm |
| 11:13 | Build | Farm |
| 11:16 | Build | House |
| 11:20 | Create | Villager (Male) |
| 11:20 | Create | Villager (Male) |
| 11:23 | Build | Farm |
| 11:24 | Build | Farm |
| 11:26 | Build | Farm |
| 11:31 | Create | Villager (Male) |
| 11:43 | Build | Farm |
| 11:50 | Build | Palisade Wall |
| 11:51 | Build | Palisade Wall |
| 12:00 | Create | Villager (Male) |
| 12:08 | Build | Building 796 |
| 12:11 | Create | Villager (Male) |
| 12:15 | Build | House |
| 12:30 | Create | Scout Cavalry |
| 12:31 | Create | Villager (Male) |
| 12:33 | Build | Farm |
| 12:36 | Build | Farm |
| 12:39 | Build | Farm |
| 13:05 | Create | Villager (Male) |
| 13:06 | Build | Farm |
| 13:16 | Build | Farm |
| 13:17 | Create | Villager (Male) |
| 13:34 | Create | Scout Cavalry |
| 13:37 | Create | Villager (Male) |
| 13:38 | Build | Farm |
| 14:12 | Create | Villager (Male) |
| 14:15 | Create | Spearman |
| 14:15 | Create | Spearman |
| 14:17 | Create | Villager (Male) |
| 14:34 | Build | Blacksmith |
| 14:45 | Create | Villager (Male) |
| 14:47 | Create | Spearman |
| 14:52 | Build | House |
| 14:52 | Build | House |
| 15:14 | Create | Spearman |
| 15:17 | Create | Villager (Male) |
| 15:34 | Research | Forging |
| 15:34 | Research | Forging |
| 15:34 | Research | Forging |
| 15:47 | Create | Villager (Male) |
| 15:51 | Create | Spearman |
| 15:52 | Create | Scout Cavalry |
| 15:58 | Create | Villager (Male) |
| 16:03 | Build | Market |
| 16:11 | Build | Farm |
| 16:12 | Build | Farm |
| 16:13 | Build | Farm |
| 16:15 | Build | Farm |
| 16:22 | Create | Spearman |
| 16:33 | Create | Villager (Male) |
| 16:34 | Create | Scout Cavalry |
| 16:39 | Create | Villager (Male) |
| 16:41 | Build | Farm |
| 16:55 | Build | House |
| 17:27 | Create | Villager (Male) |
| 17:31 | Create | Spearman |
| 17:32 | Create | Scout Cavalry |
| 17:37 | Build | Mining Camp |
| 17:59 | Create | Scout Cavalry |
| 18:00 | Create | Spearman |
| 18:04 | Create | Villager (Male) |
| 18:20 | Create | Spearman |
| 18:20 | Create | Spearman |
| 18:40 | Create | Spearman |
| 18:59 | Build | House |
| 19:11 | Research | Scale Barding Armor |
| 19:11 | Research | Scale Barding Armor |
| 19:28 | Create | Villager (Male) |
| 19:32 | Create | Villager (Male) |
| 19:36 | Create | Spearman |
| 19:41 | Build | House |
| 19:45 | Build | Palisade Wall |
| 19:49 | Build | Palisade Wall |
| 20:04 | Research | Bloodlines |
| 20:04 | Research | Bloodlines |
| 20:17 | Create | Scout Cavalry |
| 20:20 | Create | Villager (Male) |
| 20:21 | Build | Farm |
| 20:22 | Build | Farm |
| 20:32 | Build | Mill |
| 20:33 | Build | Farm |
| 20:33 | Build | Farm |
| 20:33 | Build | Farm |
| 20:33 | Build | Farm |
| 20:33 | Build | Farm |
| 20:33 | Build | Farm |
| 20:34 | Build | Farm |
| 20:34 | Build | Farm |
| 20:34 | Build | Farm |
| 20:34 | Build | Farm |
| 20:43 | Create | Villager (Male) |
| 20:45 | Create | Spearman |
| 21:02 | Create | Villager (Male) |
| 21:29 | Build | Farm |
| 21:34 | Build | House |
| 21:35 | Build | House |
Build order — KingGustavRed
First 150 of 495 actions detected
| 0:01 | Create | Villager (Male) |
| 0:01 | Create | Villager (Male) |
| 0:01 | Create | Villager (Male) |
| 0:02 | Create | Villager (Male) |
| 0:02 | Create | Villager (Male) |
| 0:02 | Create | Villager (Male) |
| 0:03 | Build | House |
| 0:05 | Build | House |
| 1:27 | Create | Villager (Male) |
| 1:55 | Build | Lumber Camp |
| 2:14 | Create | Villager (Male) |
| 2:15 | Create | Villager (Male) |
| 2:15 | Create | Villager (Male) |
| 2:53 | Create | Villager (Male) |
| 2:59 | Create | Villager (Male) |
| 3:00 | Create | Villager (Male) |
| 3:51 | Create | Villager (Male) |
| 4:03 | Build | House |
| 4:20 | Create | Villager (Male) |
| 4:20 | Create | Villager (Male) |
| 4:45 | Build | Mill |
| 4:48 | Create | Villager (Male) |
| 4:48 | Create | Villager (Male) |
| 5:07 | Create | Villager (Male) |
| 5:07 | Create | Villager (Male) |
| 5:08 | Create | Villager (Male) |
| 5:08 | Create | Villager (Male) |
| 6:09 | Research | Loom |
| 6:58 | Create | Villager (Male) |
| 7:26 | Research | Feudal Age |
| 8:18 | Build | Palisade Wall |
| 8:25 | Build | Barracks |
| 9:01 | Build | House |
| 9:19 | Create | Villager (Male) |
| 9:19 | Create | Villager (Male) |
| 9:31 | Create | Villager (Male) |
| 9:38 | Build | Stable |
| 9:48 | Build | House |
| 9:52 | Research | Double-Bit Axe |
| 10:15 | Create | Villager (Male) |
| 10:40 | Build | Palisade Wall |
| 10:42 | Create | Villager (Male) |
| 10:43 | Create | Scout Cavalry |
| 10:44 | Create | Scout Cavalry |
| 10:51 | Build | Palisade Wall |
| 11:19 | Create | Villager (Male) |
| 11:27 | Build | House |
| 11:29 | Create | Scout Cavalry |
| 11:50 | Build | House |
| 11:53 | Create | Scout Cavalry |
| 12:14 | Create | Villager (Male) |
| 12:52 | Build | Palisade Wall |
| 12:55 | Build | Farm |
| 12:56 | Build | Farm |
| 12:58 | Research | Horse Collar |
| 13:00 | Create | Villager (Male) |
| 13:28 | Build | Palisade Wall |
| 13:30 | Create | Villager (Male) |
| 13:30 | Create | Villager (Male) |
| 13:36 | Build | Farm |
| 13:37 | Create | Villager (Male) |
| 13:39 | Build | Farm |
| 13:39 | Build | Farm |
| 13:39 | Build | Farm |
| 13:39 | Build | Farm |
| 13:40 | Build | Farm |
| 13:43 | Research | Wheelbarrow |
| 14:38 | Create | Villager (Male) |
| 14:45 | Build | Farm |
| 14:45 | Build | Farm |
| 14:46 | Build | Farm |
| 14:46 | Build | Farm |
| 14:46 | Build | Farm |
| 14:46 | Build | Farm |
| 14:53 | Build | House |
| 15:41 | Create | Villager (Male) |
| 15:41 | Create | Villager (Male) |
| 15:50 | Build | House |
| 15:57 | Create | Scout Cavalry |
| 16:44 | Create | Villager (Male) |
| 16:45 | Create | Villager (Male) |
| 16:54 | Create | Villager (Male) |
| 17:00 | Build | Mining Camp |
| 18:03 | Build | Market |
| 18:08 | Create | Villager (Male) |
| 18:09 | Create | Villager (Male) |
| 19:14 | Research | Castle Age |
| 19:20 | Build | Lumber Camp |
| 20:18 | Build | House |
| 20:40 | Research | Gold Mining |
| 20:43 | Research | Bloodlines |
| 21:27 | Build | Blacksmith |
| 21:58 | Create | Villager (Male) |
| 21:58 | Create | Villager (Male) |
| 21:59 | Create | Knight |
| 21:59 | Create | Knight |
| 22:10 | Build | Town Center |
| 22:14 | Create | Villager (Male) |
| 22:24 | Create | Knight |
| 22:41 | Build | Stable |
| 22:46 | Research | Scale Barding Armor |
| 22:47 | Create | Villager (Male) |
| 22:54 | Create | Villager (Male) |
| 23:05 | Research | Bow Saw |
| 23:11 | Research | Husbandry |
| 23:33 | Create | Villager (Male) |
| 23:33 | Create | Villager (Male) |
| 23:50 | Create | Knight |
| 23:52 | Create | Knight |
| 24:09 | Create | Villager (Male) |
| 24:09 | Create | Villager (Male) |
| 24:14 | Create | Villager (Male) |
| 24:14 | Create | Villager (Male) |
| 24:16 | Build | Farm |
| 24:16 | Build | Farm |
| 24:16 | Build | Farm |
| 24:17 | Build | Farm |
| 24:17 | Build | Farm |
| 24:17 | Build | Farm |
| 24:22 | Build | House |
| 24:25 | Create | Villager (Male) |
| 24:27 | Build | Farm |
| 24:29 | Create | Knight |
| 24:29 | Create | Knight |
| 25:00 | Create | Villager (Male) |
| 25:04 | Build | Farm |
| 25:06 | Create | Knight |
| 25:06 | Create | Knight |
| 25:07 | Create | Knight |
| 25:33 | Create | Knight |
| 25:33 | Create | Knight |
| 25:39 | Build | House |
| 25:40 | Build | House |
| 25:41 | Build | House |
| 25:56 | Create | Villager (Male) |
| 25:56 | Create | Villager (Male) |
| 26:06 | Create | Knight |
| 26:07 | Create | Knight |
| 26:22 | Create | Villager (Male) |
| 26:26 | Build | Farm |
| 26:27 | Build | Farm |
| 26:28 | Build | Farm |
| 26:29 | Build | Farm |
| 26:30 | Build | Farm |
| 26:32 | Build | Farm |
| 26:34 | Build | Farm |
| 26:35 | Create | Villager (Male) |
| 26:35 | Create | Villager (Male) |
| 26:53 | Create | Villager (Male) |
| 27:02 | Create | Villager (Male) |
Build order — Rafther
First 150 of 424 actions detected
| 0:02 | Create | Villager (Male) |
| 0:03 | Create | Villager (Male) |
| 0:03 | Create | Villager (Male) |
| 0:05 | Build | House |
| 0:07 | Build | House |
| 0:19 | Create | Villager (Male) |
| 0:19 | Create | Villager (Male) |
| 1:24 | Create | Villager (Male) |
| 1:48 | Build | Lumber Camp |
| 1:54 | Create | Villager (Male) |
| 2:14 | Create | Villager (Male) |
| 2:14 | Create | Villager (Male) |
| 2:54 | Create | Villager (Male) |
| 2:54 | Create | Villager (Male) |
| 3:11 | Create | Villager (Male) |
| 3:39 | Build | House |
| 3:40 | Build | House |
| 4:19 | Create | Villager (Male) |
| 4:54 | Build | Mill |
| 5:04 | Create | Villager (Male) |
| 5:04 | Create | Villager (Male) |
| 5:57 | Create | Villager (Male) |
| 5:57 | Create | Villager (Male) |
| 5:57 | Create | Villager (Male) |
| 6:38 | Create | Villager (Male) |
| 6:50 | Create | Villager (Male) |
| 6:57 | Create | Villager (Male) |
| 6:59 | Research | Loom |
| 7:21 | Build | Lumber Camp |
| 7:30 | Build | House |
| 7:39 | Build | Palisade Wall |
| 7:49 | Create | Villager (Male) |
| 8:56 | Research | Feudal Age |
| 9:06 | Build | Mining Camp |
| 9:25 | Build | Barracks |
| 9:40 | Build | Palisade Wall |
| 9:50 | Create | Villager (Male) |
| 9:51 | Create | Villager (Male) |
| 10:12 | Build | House |
| 10:56 | Create | Villager (Male) |
| 11:07 | Research | Double-Bit Axe |
| 11:13 | Build | Archery Range |
| 11:14 | Build | Archery Range |
| 11:40 | Create | Villager (Male) |
| 11:48 | Build | Archery Range |
| 12:06 | Build | Farm |
| 12:07 | Build | Farm |
| 12:08 | Build | Farm |
| 12:19 | Build | Farm |
| 12:25 | Create | Villager (Male) |
| 12:41 | Create | Archer |
| 12:41 | Create | Archer |
| 12:41 | Create | Archer |
| 12:50 | Create | Villager (Male) |
| 12:51 | Create | Villager (Male) |
| 13:02 | Build | Farm |
| 13:15 | Create | Archer |
| 13:15 | Create | Archer |
| 13:15 | Create | Archer |
| 13:31 | Build | Building 796 |
| 13:37 | Create | Archer |
| 13:38 | Create | Archer |
| 13:44 | Create | Spearman |
| 13:44 | Create | Spearman |
| 13:44 | Create | Spearman |
| 13:51 | Build | Palisade Wall |
| 14:21 | Create | Spearman |
| 14:21 | Create | Spearman |
| 14:22 | Create | Spearman |
| 14:44 | Build | Palisade Wall |
| 14:51 | Create | Villager (Male) |
| 14:54 | Create | Archer |
| 14:57 | Build | House |
| 14:58 | Build | House |
| 15:10 | Create | Spearman |
| 15:11 | Create | Spearman |
| 15:52 | Create | Spearman |
| 16:07 | Create | Archer |
| 16:07 | Create | Archer |
| 16:20 | Create | Villager (Male) |
| 16:51 | Create | Villager (Male) |
| 17:41 | Create | Villager (Male) |
| 17:41 | Create | Villager (Male) |
| 17:41 | Create | Villager (Male) |
| 18:15 | Build | House |
| 18:23 | Build | House |
| 18:25 | Build | House |
| 18:38 | Build | Palisade Wall |
| 18:42 | Build | House |
| 18:43 | Build | House |
| 18:45 | Create | Villager (Male) |
| 18:46 | Create | Villager (Male) |
| 18:46 | Create | Villager (Male) |
| 18:53 | Build | Blacksmith |
| 18:55 | Build | Farm |
| 18:56 | Build | Farm |
| 19:13 | Build | Farm |
| 19:34 | Build | Farm |
| 20:29 | Build | Farm |
| 20:37 | Build | Mining Camp |
| 20:47 | Build | House |
| 20:55 | Build | Farm |
| 20:56 | Research | Horse Collar |
| 21:22 | Research | Fletching |
| 21:22 | Research | Padded Archer Armor |
| 22:11 | Build | Market |
| 22:14 | Build | Farm |
| 22:33 | Build | Farm |
| 22:34 | Build | Farm |
| 22:34 | Build | Farm |
| 23:07 | Build | Farm |
| 24:26 | Research | Castle Age |
| 24:29 | Create | Villager (Male) |
| 24:29 | Create | Villager (Male) |
| 24:29 | Create | Villager (Male) |
| 25:12 | Build | Palisade Gate |
| 25:16 | Create | Villager (Male) |
| 26:31 | Build | Mining Camp |
| 26:47 | Build | Farm |
| 27:08 | Research | Thumb Ring |
| 27:10 | Research | Crossbowman (upgrade) |
| 28:04 | Research | Bodkin Arrow |
| 28:10 | Build | Town Center |
| 28:13 | Create | Villager (Male) |
| 28:13 | Create | Villager (Male) |
| 28:14 | Create | Villager (Male) |
| 28:34 | Create | Villager (Male) |
| 28:35 | Create | Villager (Male) |
| 28:47 | Create | Archer |
| 28:47 | Create | Archer |
| 28:48 | Create | Archer |
| 28:48 | Create | Archer |
| 28:53 | Build | University |
| 29:04 | Build | Stone Wall |
| 29:30 | Build | Barracks |
| 29:31 | Build | Barracks |
| 29:46 | Build | Stone Wall |
| 29:54 | Build | Farm |
| 29:56 | Create | Villager (Male) |
| 29:57 | Create | Villager (Male) |
| 29:57 | Create | Villager (Male) |
| 29:58 | Create | Villager (Male) |
| 29:59 | Create | Villager (Male) |
| 30:04 | Create | Spearman |
| 30:05 | Create | Spearman |
| 30:05 | Create | Spearman |
| 30:05 | Create | Spearman |
| 30:10 | Build | House |
| 30:12 | Build | House |
| 30:13 | Build | House |
Build order — Tozumbao42
First 150 of 481 actions detected
| 0:05 | Research | Loom |
| 0:05 | Create | Villager (Male) |
| 0:06 | Create | Villager (Male) |
| 0:06 | Create | Villager (Male) |
| 0:06 | Create | Villager (Male) |
| 0:07 | Create | Villager (Male) |
| 0:09 | Build | House |
| 0:14 | Build | House |
| 0:26 | Build | House |
| 0:32 | Build | House |
| 1:23 | Build | House |
| 1:52 | Build | House |
| 1:56 | Build | House |
| 2:33 | Build | House |
| 2:36 | Build | House |
| 2:39 | Build | House |
| 2:51 | Create | Villager (Male) |
| 3:11 | Create | Villager (Male) |
| 3:11 | Create | Villager (Male) |
| 3:19 | Build | House |
| 3:38 | Create | Villager (Male) |
| 3:38 | Create | Villager (Male) |
| 4:11 | Create | Villager (Male) |
| 4:38 | Create | Villager (Male) |
| 4:58 | Create | Villager (Male) |
| 5:27 | Create | Villager (Male) |
| 5:37 | Build | Mill |
| 5:40 | Create | Villager (Male) |
| 5:41 | Create | Villager (Male) |
| 6:05 | Create | Villager (Male) |
| 6:05 | Create | Villager (Male) |
| 6:09 | Create | Villager (Male) |
| 7:05 | Create | Villager (Male) |
| 7:06 | Create | Villager (Male) |
| 7:15 | Create | Villager (Male) |
| 7:31 | Create | Villager (Male) |
| 8:13 | Create | Villager (Male) |
| 8:53 | Build | Lumber Camp |
| 8:55 | Create | Villager (Male) |
| 8:56 | Create | Villager (Male) |
| 9:20 | Create | Villager (Male) |
| 10:11 | Create | Villager (Male) |
| 10:27 | Research | Feudal Age |
| 11:10 | Build | Mill |
| 11:22 | Build | Barracks |
| 11:33 | Build | Palisade Wall |
| 12:08 | Build | Lumber Camp |
| 12:42 | Build | Building 796 |
| 12:46 | Build | Palisade Wall |
| 12:52 | Build | Farm |
| 12:53 | Build | Farm |
| 13:08 | Build | Stone Wall |
| 13:14 | Build | Stone Wall |
| 13:20 | Build | Stone Wall |
| 13:25 | Create | Spearman |
| 13:25 | Create | Spearman |
| 13:25 | Create | Spearman |
| 13:27 | Create | Spearman |
| 13:27 | Create | Spearman |
| 13:50 | Create | Militia |
| 13:51 | Create | Militia |
| 13:51 | Create | Militia |
| 14:02 | Build | Stone Wall |
| 14:11 | Build | House |
| 14:17 | Build | House |
| 14:24 | Build | House |
| 14:26 | Build | House |
| 14:44 | Create | Spearman |
| 14:44 | Create | Spearman |
| 14:44 | Create | Spearman |
| 14:55 | Build | House |
| 15:07 | Create | Militia |
| 15:11 | Create | Spearman |
| 15:15 | Build | Palisade Wall |
| 15:22 | Build | Palisade Wall |
| 15:28 | Build | Palisade Wall |
| 15:39 | Build | Stone Wall |
| 15:44 | Build | Stone Wall |
| 15:53 | Build | Farm |
| 15:59 | Build | Farm |
| 16:01 | Create | Villager (Male) |
| 16:29 | Build | Farm |
| 16:59 | Build | Stone Wall |
| 17:40 | Create | Villager (Male) |
| 18:15 | Build | Stone Wall |
| 18:17 | Build | Building 487 |
| 18:21 | Build | Farm |
| 18:22 | Create | Villager (Male) |
| 18:23 | Create | Villager (Male) |
| 18:27 | Build | Market |
| 18:33 | Create | Villager (Male) |
| 18:55 | Build | Farm |
| 18:59 | Build | Farm |
| 19:05 | Build | Farm |
| 19:17 | Create | Villager (Male) |
| 19:29 | Build | Stone Wall |
| 19:33 | Build | Stone Wall |
| 19:42 | Build | Palisade Wall |
| 19:45 | Build | Palisade Gate |
| 19:58 | Build | Farm |
| 19:59 | Create | Villager (Male) |
| 20:13 | Build | Farm |
| 20:20 | Create | Villager (Male) |
| 20:31 | Create | Villager (Male) |
| 20:45 | Create | Villager (Male) |
| 20:56 | Build | Blacksmith |
| 21:06 | Build | Farm |
| 21:08 | Create | Villager (Male) |
| 21:35 | Build | Mining Camp |
| 21:42 | Create | Villager (Male) |
| 21:42 | Create | Villager (Male) |
| 22:00 | Create | Villager (Male) |
| 22:17 | Build | Farm |
| 22:44 | Build | Farm |
| 22:47 | Create | Villager (Male) |
| 23:04 | Build | Farm |
| 23:45 | Research | Castle Age |
| 24:18 | Create | Villager (Male) |
| 24:20 | Research | Double-Bit Axe |
| 24:35 | Create | Spearman |
| 24:37 | Create | Spearman |
| 24:43 | Research | Stone Mining |
| 25:06 | Research | Horse Collar |
| 26:14 | Create | Villager (Male) |
| 26:28 | Create | Villager (Male) |
| 26:30 | Research | Bow Saw |
| 26:34 | Research | Heavy Plow |
| 26:44 | Build | Town Center |
| 26:50 | Create | Villager (Male) |
| 27:02 | Build | Town Center |
| 27:24 | Research | Pikeman (upgrade) |
| 27:28 | Research | Arson |
| 27:42 | Create | Villager (Male) |
| 27:43 | Create | Villager (Male) |
| 28:16 | Research | Squires |
| 28:36 | Build | Farm |
| 28:39 | Build | Farm |
| 28:41 | Create | Villager (Male) |
| 28:41 | Create | Villager (Male) |
| 28:43 | Create | Villager (Male) |
| 28:43 | Create | Villager (Male) |
| 28:50 | Create | Villager (Male) |
| 28:51 | Create | Villager (Male) |
| 29:09 | Build | Town Center |
| 29:14 | Create | Villager (Male) |
| 29:14 | Create | Villager (Male) |
| 29:17 | Build | Farm |
| 29:21 | Create | Villager (Male) |
| 29:21 | Create | Villager (Male) |
| 29:24 | Create | Villager (Male) |
Build order — HoCkOnEr
94 actions detected in the replay
| 0:02 | Create | Villager (Male) |
| 0:02 | Create | Villager (Male) |
| 0:03 | Create | Villager (Male) |
| 0:10 | Create | Villager (Male) |
| 1:26 | Create | Villager (Male) |
| 1:55 | Create | Villager (Male) |
| 2:22 | Create | Villager (Male) |
| 2:53 | Create | Villager (Male) |
| 3:09 | Create | Villager (Male) |
| 3:50 | Create | Villager (Male) |
| 3:52 | Create | Villager (Male) |
| 4:21 | Create | Villager (Male) |
| 4:28 | Build | Lumber Camp |
| 4:56 | Create | Villager (Male) |
| 5:17 | Create | Villager (Male) |
| 6:04 | Build | Mill |
| 6:07 | Create | Villager (Male) |
| 6:51 | Create | Villager (Male) |
| 7:18 | Research | Feudal Age |
| 7:26 | Build | Mill |
| 9:21 | Build | Barracks |
| 9:25 | Create | Villager (Male) |
| 9:25 | Create | Villager (Male) |
| 9:41 | Create | Villager (Male) |
| 10:28 | Create | Villager (Male) |
| 10:36 | Build | Stable |
| 11:09 | Create | Villager (Male) |
| 11:30 | Create | Villager (Male) |
| 11:32 | Create | Scout Cavalry |
| 11:32 | Create | Scout Cavalry |
| 11:33 | Create | Scout Cavalry |
| 11:33 | Create | Scout Cavalry |
| 11:33 | Create | Scout Cavalry |
| 11:34 | Create | Scout Cavalry |
| 11:34 | Create | Scout Cavalry |
| 11:38 | Build | Farm |
| 11:38 | Build | Farm |
| 11:38 | Build | Farm |
| 11:39 | Build | Farm |
| 11:53 | Build | Farm |
| 12:10 | Create | Villager (Male) |
| 12:22 | Create | Villager (Male) |
| 12:26 | Build | Farm |
| 12:40 | Build | Farm |
| 12:42 | Create | Villager (Male) |
| 13:03 | Create | Villager (Male) |
| 13:13 | Build | Farm |
| 13:55 | Create | Villager (Male) |
| 14:00 | Build | Farm |
| 14:04 | Build | Farm |
| 14:13 | Create | Villager (Male) |
| 15:04 | Create | Villager (Male) |
| 15:06 | Build | Farm |
| 15:07 | Build | Farm |
| 15:26 | Create | Villager (Male) |
| 15:35 | Build | Farm |
| 15:36 | Create | Villager (Male) |
| 16:36 | Create | Villager (Male) |
| 16:42 | Build | Mining Camp |
| 17:07 | Create | Villager (Male) |
| 17:14 | Build | Stable |
| 17:17 | Build | Stable |
| 17:21 | Build | Farm |
| 17:21 | Build | Farm |
| 17:22 | Build | Farm |
| 17:54 | Create | Villager (Male) |
| 17:57 | Build | Farm |
| 18:12 | Build | Stone Wall |
| 18:24 | Build | Mining Camp |
| 19:07 | Create | Villager (Male) |
| 19:15 | Build | Building 665 |
| 19:21 | Create | Villager (Male) |
| 19:33 | Build | Market |
| 20:17 | Create | Villager (Male) |
| 20:30 | Create | Villager (Male) |
| 20:34 | Research | Castle Age |
| 20:46 | Build | Blacksmith |
| 21:05 | Build | Stone Wall |
| 21:13 | Build | Mining Camp |
| 21:53 | Research | Bloodlines |
| 21:54 | Create | Scout Cavalry |
| 21:54 | Create | Scout Cavalry |
| 21:54 | Create | Scout Cavalry |
| 21:55 | Create | Scout Cavalry |
| 21:55 | Create | Scout Cavalry |
| 21:55 | Create | Scout Cavalry |
| 21:55 | Create | Scout Cavalry |
| 21:55 | Create | Scout Cavalry |
| 21:56 | Create | Scout Cavalry |
| 21:56 | Create | Scout Cavalry |
| 21:56 | Create | Scout Cavalry |
| 21:56 | Create | Scout Cavalry |
| 21:57 | Create | Scout Cavalry |
| 22:40 | Build | Lumber Camp |
Match timeline
| 3:07 | 鋒兒 · wall_segment Palisade Wall x1 |
| 6:48 | ULIVS96 · wall_segment Palisade Wall x18 |
| 7:05 | ULIVS96 · wall_segment Palisade Wall x11 |
| 7:39 | Rafther · wall_segment Palisade Wall x1 |
| 7:52 | mxptlic · first_building Barracks |
| 8:02 | Bélico · first_building Barracks |
| 8:18 | KingGustavRed · wall_segment Palisade Wall x7 |
| 8:24 | 鋒兒 · first_building Barracks |
| 8:25 | KingGustavRed · first_building Barracks |
| 8:29 | ULIVS96 · wall_segment Palisade Wall x8 |
| 9:21 | HoCkOnEr · first_building Barracks |
| 9:25 | Rafther · first_building Barracks |
| 9:26 | Bélico · first_building Stable |
| 9:32 | mxptlic · first_building Archery Range |
| 9:38 | KingGustavRed · first_building Stable |
| 9:40 | Rafther · wall_segment Palisade Wall x21 |
| 9:53 | ULIVS96 · wall_segment Palisade Wall x11 |
| 9:55 | mxptlic · wall_segment Palisade Wall x5 |
| 9:57 | mxptlic · wall_segment Palisade Wall x1 |
| 9:57 | mxptlic · wall_segment Palisade Wall x1 |
| 9:58 | mxptlic · wall_segment Palisade Wall x1 |
| 10:11 | mxptlic · wall_segment Palisade Wall x5 |
| 10:34 | ULIVS96 · first_building Barracks |
| 10:36 | HoCkOnEr · first_building Stable |
| 10:40 | KingGustavRed · wall_segment Palisade Wall x15 |
| 10:51 | KingGustavRed · wall_segment Palisade Wall x6 |
| 10:55 | Bélico · wall_segment Palisade Wall x17 |
| 11:02 | mxptlic · wall_segment Palisade Wall x3 |
| 11:03 | mxptlic · wall_segment Palisade Wall x1 |
| 11:03 | mxptlic · wall_segment Palisade Wall x1 |
| 11:13 | Rafther · first_building Archery Range |
| 11:22 | Tozumbao42 · first_building Barracks |
| 11:25 | mxptlic · wall_segment Palisade Wall x1 |
| 11:26 | mxptlic · wall_segment Palisade Wall x1 |
| 11:26 | mxptlic · wall_segment Palisade Wall x1 |
| 11:27 | mxptlic · wall_segment Palisade Wall x1 |
| 11:28 | mxptlic · wall_segment Palisade Wall x1 |
| 11:29 | mxptlic · wall_segment Palisade Wall x1 |
| 11:30 | mxptlic · wall_segment Palisade Wall x1 |
| 11:31 | ULIVS96 · first_building Stable |
| 11:33 | Tozumbao42 · wall_segment Palisade Wall x1 |
| 11:50 | Bélico · wall_segment Palisade Wall x6 |
| 11:51 | Bélico · wall_segment Palisade Wall x7 |
| 12:46 | Tozumbao42 · wall_segment Palisade Wall x1 |
| 12:48 | 鋒兒 · first_building Archery Range |
| 12:52 | KingGustavRed · wall_segment Palisade Wall x1 |
| 13:08 | Tozumbao42 · wall_segment Stone Wall x3 |
| 13:14 | Tozumbao42 · wall_segment Stone Wall x8 |
| 13:20 | Tozumbao42 · wall_segment Stone Wall x6 |
| 13:28 | KingGustavRed · wall_segment Palisade Wall x16 |
| 13:51 | Rafther · wall_segment Palisade Wall x1 |
| 13:54 | ULIVS96 · wall_segment Palisade Wall x24 |
| 14:02 | Tozumbao42 · wall_segment Stone Wall x4 |
| 14:44 | Rafther · wall_segment Palisade Wall x4 |
| 15:05 | ULIVS96 · wall_segment Palisade Wall x12 |
| 15:15 | Tozumbao42 · wall_segment Palisade Wall x1 |
| 15:22 | Tozumbao42 · wall_segment Palisade Wall x7 |
| 15:28 | Tozumbao42 · wall_segment Palisade Wall x4 |
| 15:39 | Tozumbao42 · wall_segment Stone Wall x4 |
| 15:44 | Tozumbao42 · wall_segment Stone Wall x3 |
| 15:45 | 鋒兒 · wall_segment Palisade Wall x8 |
| 16:17 | ULIVS96 · wall_segment Palisade Wall x7 |
| 16:59 | Tozumbao42 · wall_segment Stone Wall x1 |
| 18:05 | 鋒兒 · wall_segment Palisade Wall x10 |
| 18:07 | ULIVS96 · first_market_sell 100 wood |
| 18:12 | HoCkOnEr · wall_segment Stone Wall x12 |
| 18:15 | Tozumbao42 · wall_segment Stone Wall x4 |
| 18:38 | Rafther · wall_segment Palisade Wall x22 |
| 19:29 | Tozumbao42 · wall_segment Stone Wall x5 |
| 19:33 | Tozumbao42 · wall_segment Stone Wall x3 |
| 19:42 | Tozumbao42 · wall_segment Palisade Wall x10 |
| 19:45 | Bélico · wall_segment Palisade Wall x17 |
| 19:49 | Bélico · wall_segment Palisade Wall x18 |
| 20:10 | mxptlic · wall_segment Palisade Wall x6 |
| 21:05 | HoCkOnEr · wall_segment Stone Wall x10 |
| 21:37 | Bélico · wall_segment Palisade Wall x11 |
| 21:39 | Bélico · wall_segment Palisade Wall x7 |
| 22:28 | ULIVS96 · first_building Archery Range |
| 22:53 | 鋒兒 · wall_segment Stone Wall x5 |
| 22:59 | 鋒兒 · first_market_buy 100 stone |
| 23:53 | HoCkOnEr · resign |
| 24:29 | mxptlic · wall_segment Palisade Wall x1 |
| 24:58 | 鋒兒 · wall_segment Stone Wall x3 |
| 27:11 | Bélico · first_building Monastery |
| 27:19 | KingGustavRed · first_market_buy 100 food |
| 28:04 | ULIVS96 · first_building Castle |
| 29:01 | 鋒兒 · first_market_sell 100 food |
| 29:04 | Rafther · wall_segment Stone Wall x6 |
| 29:14 | mxptlic · first_building Castle |
| 29:46 | Rafther · wall_segment Stone Wall x9 |
| 30:17 | ULIVS96 · wall_segment Stone Wall x17 |
| 30:34 | 鋒兒 · first_building Castle |
| 31:12 | Tozumbao42 · first_building Castle |
| 31:24 | mxptlic · first_building Siege Workshop |
| 31:27 | 鋒兒 · wall_segment Stone Wall x4 |
| 31:34 | Rafther · first_building Stable |
| 31:55 | Tozumbao42 · wall_segment Palisade Wall x1 |
| 31:58 | Tozumbao42 · wall_segment Stone Wall x1 |
| 31:59 | Tozumbao42 · wall_segment Stone Wall x1 |
| 32:03 | Tozumbao42 · wall_segment Stone Wall x2 |
| 32:07 | Tozumbao42 · wall_segment Palisade Wall x1 |
| 32:09 | Tozumbao42 · wall_segment Palisade Wall x1 |
| 32:12 | Tozumbao42 · wall_segment Palisade Wall x1 |
| 32:15 | Tozumbao42 · wall_segment Palisade Wall x1 |
| 32:20 | Rafther · first_market_buy 100 stone |
| 32:26 | Rafther · first_building Castle |
| 32:35 | Rafther · wall_segment Stone Wall x18 |
| 33:47 | Tozumbao42 · first_market_buy 100 food |
| 34:37 | KingGustavRed · first_building Castle |
| 34:57 | Rafther · first_building Siege Workshop |
| 35:07 | 鋒兒 · wall_segment Palisade Wall x10 |
| 35:11 | 鋒兒 · wall_segment Palisade Wall x12 |
| 35:56 | Bélico · first_market_sell 100 wood |
| 35:57 | Bélico · first_market_buy 100 stone |
| 36:04 | mxptlic · wall_segment Palisade Wall x1 |
| 36:51 | mxptlic · first_building Monastery |
| 36:53 | ULIVS96 · first_market_buy 100 stone |
| 36:59 | KingGustavRed · first_building Archery Range |
| 37:15 | Tozumbao42 · first_building Monastery |
| 37:22 | Rafther · wall_segment Stone Wall x1 |
| 37:29 | Rafther · wall_segment Stone Wall x12 |
| 37:57 | Tozumbao42 · wall_segment Palisade Wall x1 |
| 38:23 | 鋒兒 · wall_segment Stone Wall x8 |
| 39:19 | Rafther · wall_segment Stone Wall x23 |
| 39:25 | KingGustavRed · first_building Siege Workshop |
| 39:50 | Tozumbao42 · first_market_sell 100 wood |
| 40:01 | Rafther · wall_segment Stone Wall x1 |
| 40:17 | Tozumbao42 · first_building Siege Workshop |
| 40:17 | Rafther · wall_segment Stone Wall x1 |
| 40:26 | ULIVS96 · first_building Siege Workshop |
| 42:49 | Rafther · wall_segment Stone Wall x1 |
| 43:01 | KingGustavRed · first_market_sell 100 food |
| 43:36 | Rafther · wall_segment Stone Wall x3 |
| 43:41 | Tozumbao42 · wall_segment Palisade Wall x1 |
| 43:42 | Tozumbao42 · wall_segment Palisade Wall x1 |
| 43:55 | Rafther · first_market_sell 100 wood |
| 45:44 | Rafther · wall_segment Stone Wall x1 |
| 45:44 | mxptlic · first_market_buy 100 stone |
| 46:04 | Rafther · wall_segment Stone Wall x1 |
| 46:45 | Rafther · wall_segment Stone Wall x4 |
| 47:07 | Rafther · wall_segment Stone Wall x14 |
| 47:26 | Bélico · first_building Castle |
| 48:34 | ULIVS96 · wall_segment Stone Wall x19 |
| 48:41 | ULIVS96 · wall_segment Stone Wall x13 |
| 49:19 | Bélico · first_building Archery Range |
| 49:44 | ULIVS96 · wall_segment Stone Wall x3 |
| 50:04 | Bélico · wall_segment Palisade Wall x1 |
| 51:50 | 鋒兒 · first_building Stable |
| 53:16 | ULIVS96 · wall_segment Stone Wall x1 |
| 53:39 | Rafther · wall_segment Stone Wall x9 |
| 54:05 | ULIVS96 · wall_segment Stone Wall x1 |
| 55:02 | mxptlic · first_building Stable |
| 56:57 | Tozumbao42 · tribute_sent a jugador 1 |
| 56:57 | Tozumbao42 · tribute_sent a jugador 2 |
| 56:57 | Tozumbao42 · tribute_sent a jugador 3 |
| 56:57 | Tozumbao42 · tribute_sent a jugador 4 |
| 56:57 | Tozumbao42 · tribute_sent a jugador 5 |
| 56:57 | Tozumbao42 · tribute_sent a jugador 6 |
| 56:57 | Tozumbao42 · tribute_sent a jugador 8 |
| 57:45 | Tozumbao42 · wall_segment Palisade Wall x5 |
| 58:05 | mxptlic · wall_segment Stone Wall x1 |
| 59:51 | Tozumbao42 · wall_segment Palisade Wall x5 |
[ AI ANALYSIS · 1 CREDIT ]
What really happened in this match?
Wolo.gg analyzes every decision: build order, eco, micro, common mistakes by bracket. Personalized analysis on WhatsApp or Discord in 30 seconds.
Civ guide
Ethiopians
Perfil
Jugador #24112142